 Dungeon Crawl Stone Soup version 0.14-a0-1007-gacdcbbe (webtiles) character file.

140 Ololoev the Grave Robber (level 3, 0/24 HPs)
             Began as a Mummy Necromancer on Nov 22, 2013.
             Slain by a centaur (7 damage)
             ... on Level 2 of the Dungeon.
             The game lasted 00:12:12 (2058 turns).

Ololoev the Grave Robber (Mummy Necromancer)        Turns: 2058, Time: 00:12:12

HP   0/24        AC  2     Str 11      XL: 3   Next: 73%
MP   0/7         EV 12     Int 15      God:
Gold 83          SH  0     Dex 12      Spells:  2 memorised,  6 levels left

Res.Fire  : x . .   See Invis. : .   d - +1,+2 elf whip
Res.Cold  : + . .   Warding    : .   a - +0 robe
Life Prot.: + + +   Conserve   : .   (no shield)
Res.Poison: +       Res.Corr.  : .   i - +0 cap
Res.Elec. : .       Clarity    : .   (no cloak)
Sust.Abil.: . .     Spirit.Shd : .   (no gloves)
Res.Mut.  : .       Stasis     : .   (no boots)
Res.Rott. : +       Flight     : .   (no amulet)
Saprovore : . . .                    (no ring)
                                     (no ring)

@: slightly resistant to hostile enchantments, unstealthy
A: no food or potions, fire vulnerability, restore body, cold resistance 1, life
protection 3, poison resistance, torment resistance, unbreathing
a: no special abilities


You were on level 2 of the Dungeon.
You were not hungry.

You visited 1 branch of the dungeon, and saw 2 of its levels.

You collected 83 gold pieces.

Inventory:

Hand weapons
 d - a +1,+2 elven whip (weapon)
Armour
 a - a +0 robe (worn)
 i - a +0 cap (worn)
Magical devices
 l - a wand of digging (11) {unknown}
Scrolls
 c - a scroll of enchant weapon I {unknown}
 e - 2 scrolls of amnesia {unknown}
 g - a scroll of identify {unknown}
 h - a scroll of remove curse {unknown}
 j - 2 scrolls of recharging {unknown}
Jewellery
 f - a cursed ring of hunger {unknown}
 k - an uncursed ring of sustain abilities {unknown}
Books
 b - a book of Necromancy

   Spells                             Type                      Level
   *Pain                              Necromancy                   1
   *Animate Skeleton                  Necromancy                   1
   Lethal Infusion                    Charms/Necromancy            2
   Vampiric Draining                  Necromancy                   3
   Regeneration                       Charms/Necromancy            3
   Animate Dead                       Necromancy                   4
   Control Undead                     Necromancy                   4


   Skills:
 - Level 1.5 Dodging
 - Level 1.5 Stealth
 - Level 3.1 Spellcasting
 + Level 4.2 Necromancy


You had 6 spell levels left.
You knew the following spells:

 Your Spells              Type           Power        Failure   Level  Hunger
a - Pain                  Necr           ###.         3%          1    N/A
b - Animate Skeleton      Necr           N/A          3%          1    N/A

Dungeon Overview and Level Annotations

Branches:
Dungeon (2/16)

Altars:


Innate Abilities, Weirdness & Mutations

You do not eat or drink.
Your flesh is vulnerable to fire.
Your flesh is cold resistant.
You are immune to negative energy.
Your system is resistant to poisons.
You are immune to unholy pain and torment.
You can survive without breathing.


Message History

The centaur resists with some effort.
The centaur shoots an arrow.
The arrow misses you.
The centaur shoots an arrow.
The arrow misses you.
Casting: Pain
Confirm with . or Enter, or press ? or * to list all spells.
Aiming: Pain
Press: ? - help, Shift-Dir - straight line, f/p - centaur
Aim: a centaur, wielding a bow (heavily wounded)
The centaur easily resists.
The centaur shoots an arrow.
The arrow misses you.
Casting: Pain
Confirm with . or Enter, or press ? or * to list all spells.
Aiming: Pain
Press: ? - help, Shift-Dir - straight line, f/p - centaur
Aim: a centaur, wielding a bow (heavily wounded)
The centaur resists with some effort.
The centaur shoots an arrow.
The arrow hits you!
* * * LOW HITPOINT WARNING * * *
You hit the centaur.
The centaur is severely wounded.
The centaur unwields an uncursed bow.
The centaur hits you!
You die...

. ..... .... ...
###########.# .
..........@c.#
######((.#.#
#...#.# #...#.#
#...#.# ##...#.#
####......#
.####.........#
#..............#


You could see a centaur.

Vanquished Creatures
  2 adders (D:2)
  2 giant geckos (D:2)
  3 bats
  2 giant cockroaches (D:2)
  10 hobgoblins
  2 jackals (D:2)
  3 kobolds
  A giant newt (D:1)
  2 goblins
  6 rats
33 creatures vanquished.

Vanquished Creatures (collateral kills)
  A jackal (D:2)
  2 rats (D:2)
3 creatures vanquished.

Vanquished Creatures (others)
  An adder skeleton (D:2)
  A giant gecko skeleton (D:2)
  A hobgoblin skeleton (D:2)
  3 jackal skeletons (D:2)
  A rat skeleton (D:2)
7 creatures vanquished.

Grand Total: 43 creatures vanquished

Notes
Turn   | Place    | Note
--------------------------------------------------------------
     0 | D:1      | Ololoev, the Mummy Necromancer, began the quest for the Orb.
     0 | D:1      | Reached XP level 1. HP: 13/13 MP: 3/3
     2 | D:1      | Learned a level 1 spell: Animate Skeleton
   669 | D:1      | Reached XP level 2. HP: 19/19 MP: 2/4
  1329 | D:2      | Reached XP level 3. HP: 24/24 MP: 2/7
  2047 | D:2      | Noticed a centaur
  2058 | D:2      | Slain by a centaur

Action                   || total
-------------------------++-------
Melee: Unarmed           ||     6
       Whip              ||    23
 Cast: Pain              ||    72
       Animate Skeleton  ||    11
